 Dungeon Crawl Stone Soup version 0.26-a0-682-g294304f6e8 (webtiles) character file.

Game seed: 17480211016246584120

219 lunkers the Insei (level 5, 0/40 HPs)
             Began as a Draconian Transmuter on Oct 20, 2020.
             Hit by a silver boomerang thrown by an orc (3 damage)
             ... on level 4 of the Dungeon.
             The game lasted 00:04:58 (2520 turns).

lunkers the Insei (Draconian Transmuter)            Turns: 2520, Time: 00:04:58

Health: 0/40       AC:  2    Str: 12    XL:     5   Next: 63%
Magic:  6/8        EV: 19    Int: 13    God:
Gold:   186        SH:  0    Dex: 18    Spells: 4/8 levels left

rFire    . . .     SeeInvis .     - Unarmed
rCold    . . .     Faith    .   (shield currently unavailable)
rNeg     . . .     Spirit   .   (armour unavailable)
rPois    x         Reflect  .   (helmet currently unavailable)
rElec    .         Harm     .   (cloak currently unavailable)
rCorr    .         Rampage  .   (gloves currently unavailable)
MR       .....                  (boots currently unavailable)
Stlth    ++........             (no amulet)
HPRegen  0.13/turn              (no ring)
MPRegen  0.11/turn              (no ring)

@: lethally poisoned (0 -> -23), spider-form (expiring), stab
A: tiny, unfitting armour, AC +5
a: End Transformation


You were on level 4 of the Dungeon.
You were a venomous arachnid creature.
You visited 1 branch of the dungeon, and saw 4 of its levels.

You collected 186 gold pieces.

Inventory:

Missiles
 l - 4 atropa-tipped darts {=f}
Scrolls
 a - a scroll of amnesia {unknown}
 f - a scroll of random uselessness {unknown}
 g - 3 scrolls of remove curse {unknown}
 i - a scroll of enchant weapon {unknown}
 k - a scroll of blinking {unknown}
 o - a scroll of identify {unknown}
Potions
 b - a potion of lignification {unknown}
 c - a potion of stabbing
 d - a potion of curing {unknown}
 e - a potion of berserk rage {unknown}
 h - a potion of haste {unknown}
 j - a potion of degeneration {unknown}
 m - a potion of ambrosia {unknown}
 n - a potion of mutation {unknown}


   Skills:
 - Level 1.1 Fighting
 - Level 1.7 Dodging
 + Level 5.0 Unarmed Combat
 - Level 2.0 Spellcasting
 + Level 4.4 Transmutations


You had 4 spell levels left.
You knew the following spells:

 Your Spells              Type           Power        Failure   Level
c - Spider Form           Tmut/Pois      #.........   52%         3
p - Beastly Appendage     Tmut           ##....       13%         1

Your spell library contained the following spells:

 Spells                   Type           Power        Failure   Level
 Wereblood                Tmut           ##......     17%         2
 Ice Form                 Ice/Tmut       #.......     87%         4
 Blade Hands              Tmut           ##........   89%         5


Dungeon Overview and Level Annotations

Branches:
Dungeon (4/15)
 Temple: D:4-7

Altars:
Ashenzari
Sif Muna
Trog
Zin


Innate Abilities, Weirdness & Mutations

((Your plain brown scales are hard. (AC +5)))
You cannot fit into any form of body armour.
((You are cold-blooded and may be slowed by cold attacks.))


Message History

* * * LOW HITPOINT WARNING * * *
You feel very sick. The orc barely misses you. The worker ant misses you.
The orc hits you with a +0 flail!
* * * LOW HITPOINT WARNING * * *
You hit the worker ant.
The worker ant is moderately wounded.
* * * LOW HITPOINT WARNING * * *
You feel sick. The orc completely misses you. The worker ant bites you.
* * * LOW HITPOINT WARNING * * *
It was a potion of stabbing.
You feel ready to backstab.
* * * LOW HITPOINT WARNING * * *
You feel sick. The orc closely misses you.
The worker ant bites you but does no damage.
The orc misses you.
* * * LOW HITPOINT WARNING * * *
You feel sick.
The orc throws a silver boomerang.
The silver boomerang hits you.
You die...

## .. #### .# #
... .## .
.#.##.###..##.#
........o>....#.
#....B)!?....
#(..s.o......
....$........###
..^.#######..#8P
... ..#P. ..
.### #.≈ #.≈


You could see a worker ant (very poisoned) and 2 orcs.

Vanquished Creatures
  An orc wizard (D:4)
  Jessica (D:3)
  Robin (D:3)
  6 adders
  2 worms
  2 dart slugs (D:2)
  7 leopard geckos
  An orc (D:3)
  2 giant cockroaches (D:2)
  10 hobgoblins
  8 jackals
  5 kobolds
  2 quokkas
  2 ball pythons
  7 bats
  4 frilled lizards
  13 goblins
  8 rats
82 creatures vanquished.

Notes
Turn   | Place    | Note
-------+----------+-------------------------------------------
     0 | D:1      | lunkers the Draconian Transmuter began the quest for the
                  | Orb.
     0 | D:1      | Reached XP level 1. HP: 16/16 MP: 3/3
   229 | D:1      | Reached XP level 2. HP: 23/23 MP: 3/5
   714 | D:1      | You fall into a shaft and drop 1 floor!
   720 | D:2      | Found a shimmering blue altar of Sif Muna.
   795 | D:2      | Found a glowing silver altar of Zin.
   796 | D:2      | Found a bloodstained altar of Trog.
   870 | D:2      | Reached XP level 3. HP: 27/28 MP: 6/6
   875 | D:2      | Learned a level 3 spell: Spider Form
   973 | D:2      | Reached skill level 4 in Unarmed Combat
  1001 | D:2      | Reached XP level 4. HP: 32/35 MP: 7/7
  1578 | D:3      | Found a broken altar of Ashenzari.
  1786 | D:3      | Noticed Jessica
  1792 | D:3      | Killed Jessica
  1794 | D:3      | Reached XP level 5. HP: 38/40 MP: 5/8
  2261 | D:3      | Noticed Robin
  2283 | D:3      | Killed Robin
  2515 | D:4      | Reached skill level 5 in Unarmed Combat
  2520 | D:4      | Hit by a silver boomerang thrown by an orc

Illustrated notes

Levels and vault maps discovered:
D:1:      ncdulo_lavacross, layout_rooms, minmay_misc_feat_nine_boxes
D:2:      layout_rooms, led_sif_pool, gammafunk_temple_overflow_statue,
          minmay_misc_feat_iff
D:3:      layout_basic, ashenzari_altar_1, uniq_jessica, uniq_robin
D:4:      gammafunk_wand_slinger, layout_basic

Skill      XL: |  1  2  3  4  5 |
---------------+----------------+-----
Transmutations | 3 4 |  4.4
Unarmed Combat | 4 5 |  5.0
Fighting       | |  1.1
Dodging        | |  1.7
Spellcasting   | |  2.0

Action                   |  1- 3 |  4- 6 || total
-------------------------+-------+-------++-------
Melee: Unarmed           |    90 |   159 ||   249
       Kick              |    15 |    18 ||    33
       Headbutt          |     9 |     7 ||    16
       Tailslap          |     6 |     9 ||    15
       Punch             |       |     2 ||     2
 Cast: Beastly Appendage |    18 |    16 ||    34
       Spider Form       |       |     6 ||     6
  Use: Potion            |       |     1 ||     1
 Stab: Sleeping          |     1 |       ||     1
Armor: Skin              |    22 |    44 ||    66
Dodge: Dodged            |    45 |   118 ||   163

Table legend: (Time is in decaauts)
 A = Elapsed time spent in this place.
 B = Non-inter-level travel time spent in this place.
 C = Inter-level travel time spent in this place.
 D = Time resting spent in this place.
 E = Time spent auto-exploring this place.
 F = Levels seen in this place.
 G = Mean time per level.
                   A        B        C        D        E       F      G
               +--------+--------+--------+--------+--------+-----+--------+
         Total |   2503 |   2484 |     19 |      0 |   1955 |   4 |  625.8 |
       Dungeon |   2503 |   2484 |     19 |      0 |   1955 |   4 |  625.8 |
               +--------+--------+--------+--------+--------+-----+--------+

Top non-repeatable levels by time:
     D:3: 923 daAuts
     D:2: 856 daAuts
     D:1: 711 daAuts
     D:4: 11 daAuts
